 Dungeon Crawl Stone Soup version 0.29.0-4-gdea44cf6ec (webtiles) character file.

Game seed: 6329510454870339138

353 qw the Chopper (level 6, -3/39 HPs)
             Began as a Gargoyle Fighter on Sept 10, 2022.
             Slain by a gnoll
             ... wielding a +0 spear
             ... led by a gnoll bouda
              (7 damage)
             ... on level 4 of the Dungeon.
             The game lasted 00:01:28 (2992 turns).

qw the Chopper (Gargoyle Fighter)                   Turns: 2992, Time: 00:01:29

Health: -3/39      AC: 13    Str: 22    XL:     6   Next: 62%
Magic:  6/6        EV:  7    Int:  8    God:
Gold:   155        SH:  4    Dex:  9    Spells: 5/5 levels left

rFire   . . .      SeeInvis +   Y - +4 war axe
rCold   . . .      Faith    .   c - +0 buckler
rNeg    + . .      Spirit   .   f - +0 chain mail
rPois   inf        Reflect  .   (no helmet)
rElec   +          Harm     .   j - scarf {repulsion}
rCorr   .          Rampage  .   (no gloves)
Will    .....                   (no boots)
Stlth   ..........              q - amulet of the acrobat
HPRegen 0.13/turn               k - ring of see invisible
MPRegen 0.10/turn               (no ring)

@: repel missiles
A: sickness immunity, AC +4, negative energy resistance 1, electricity
resistance, torment resistance 1, petrification resistance
a: no special abilities


You were on level 4 of the Dungeon.
You visited 1 branch of the dungeon, and saw 4 of its levels.

You collected 155 gold pieces.


Innate Abilities, Weirdness & Mutations

You are immune to sickness and miasma.
Your stone body is resilient. (AC +4)
You are immune to poison.
You resist negative energy. (rN+)
You are resistant to electric shocks. (rElec)
You are resistant to unholy torment.
You are immune to petrification.


   Skills:
 - Level 4.4 Fighting
 + Level 5.7 Axes
 - Level 3.2 Armour
 - Level 3.2 Shields


You had 5 spell levels left.
You didn't know any spells.
Your spell library was empty.

Inventory:

Hand Weapons
 b - a +0 flail
 Y - a +4 war axe (weapon)
Armour
 c - a +0 buckler (worn)
 f - a +0 chain mail (worn)
 j - a scarf of repulsion (worn)
Jewellery
 k - a ring of see invisible (left hand)
 l - a ring of ice
 q - an amulet of the acrobat (around neck)
Scrolls
 o - a scroll of teleportation
Potions
 a - a potion of attraction {unknown}
 d - 2 potions of might
 h - 6 potions of curing
 i - a potion of berserk rage {unknown}
 m - a potion of flight {unknown}
 n - a potion of ambrosia {unknown}
 p - a potion of mutation {unknown}
 r - 2 potions of haste {unknown}

Dungeon Overview and Level Annotations

Branches:
Dungeon (4/15)
 Temple: D:4-7

Altars:
Dithmenos
The Shining One

Annotations:
D:4 2 transporters, qw's ghost, amateur MiBe


Message History

The hobgoblin closely misses you.
The gnoll hits you from afar with a +0 halberd!
The hobgoblin hits you but does no damage.
The kobold barely misses you.
You hit the hobgoblin.
You kill the hobgoblin!
You closely miss the kobold.
A gnoll comes into view. It is wielding a +0 club.
You block the kobold's attack. You block the gnoll's attack.
You slash the kobold!
You kill the kobold!
You block the gnoll's attack. The gnoll closely misses you.
A gnoll comes into view. It is wielding a +0 halberd.
The gnoll shouts!
You slash the goblin!
You kill the goblin!
The gnoll hits you but does no damage.
Your attacks no longer feel as feeble.
The endoplasm jiggles.
You block the gnoll's attack. The gnoll misses you.
Things that are here:
a +0 short sword; a +0 club You hit the gnoll bouda but do no damage.
You hit the gnoll.
The gnoll bouda hits you but does no damage.
You block the gnoll's attack.
The gnoll hits you from afar with a +0 halberd.
The gnoll bouda hits you but does no damage.
You barely miss the gnoll.
The gnoll is moderately wounded.
You hit the gnoll bouda. The gnoll barely misses you.
The gnoll hits you from afar with a +0 halberd.
The gnoll bouda hits you with a +0 whip.
You hit the gnoll.
The gnoll is moderately wounded.
You hit the gnoll bouda. You slash the gnoll!
The gnoll hits you from afar with a +0 halberd.
The gnoll barely misses you. The gnoll hits you with a +0 spear!
You die... ....... ....... ....... ##....... ##...... gJ.g.

#gg# # ##@g#
.## ##.).# ...
##..#.# #.#
######..##.#
#.# #......##
.#
####.###.######
.# ..##.##..#
.# #.......##
.# #.##.####


You could see a gnoll bouda, 4 gnolls and an endoplasm.

Vanquished Creatures
  A necrophage (D:4)
  A jelly (D:3)
  An orc priest (D:4)
  2 hounds (D:4)
  A gnoll (D:4)
  7 adders
  2 worms (D:2)
  A dart slug (D:1)
  2 orcs (D:4)
  4 bats
  7 endoplasms
  4 giant cockroaches
  9 goblins
  12 hobgoblins
  8 jackals
  8 kobolds
  10 ball pythons
  4 frilled lizards
  7 rats
91 creatures vanquished.

Vanquished Creatures (others)
  A plant (D:2)
  4 withered plants (D:1)
5 creatures vanquished.

Grand Total: 96 creatures vanquished

Notes
Turn   | Place    | Note
-------+----------+-------------------------------------------
     0 | D:1      | qw the Gargoyle Fighter began the quest for the Orb.
     0 | D:1      | Reached XP level 1. HP: 14/14 MP: 1/1
     0 | D:1      | 0 ||| qw: Version: 0.1-a-116-g5d60599
     0 | D:1      | 0 ||| qw: Game counter: 7449
     0 | D:1      | 0 ||| qw: Always use a shield: true
     0 | D:1      | 0 ||| qw: God list: Okawaru
     0 | D:1      | 0 ||| qw: Allow faded altars: false
     0 | D:1      | 0 ||| qw: Do Orc after D:15 true
     0 | D:1      | 0 ||| qw: Do second Lair branch before Depths: true
     0 | D:1      | 0 ||| qw: Lair rune preference: random
     0 | D:1      | 0 ||| qw: Plans: Normal, Zot, God:TSO, Crypt, Tomb, Zig,
                  | Orb
     0 | D:1      | 0 ||| PLANNING D:1-11
    17 | D:1      | Reached skill level 2 in Axes
   206 | D:1      | Reached XP level 2. HP: 19/19 MP: 2/2
   427 | D:1      | Reached skill level 3 in Axes
   562 | D:1      | Reached XP level 3. HP: 23/23 MP: 3/3
   648 | D:1      | 648 ||| Stepping ~*~*~tactically~*~*~ (stealth).
   680 | D:1      | 680 ||| Stepping ~*~*~tactically~*~*~ (stealth).
   812 | D:1      | Found a faded altar of an unknown god.
   970 | D:1      | 970 ||| UPGRADING to scarf of repulsion.
   975 | D:1      | 975 ||| UPGRADING to ring of see invisible.
   976 | D:1      | 976 ||| READING scroll labelled LOPAFUM WOM.
   977 | D:1      | 977 ||| READING scroll labelled DAED ORUEHOAK.
   978 | D:1      | 978 ||| READING scroll labelled BAERUE NOIR.
  1034 | D:1      | 1034 ||| READING scroll labelled JAR VEW BEACAU.
  1039 | D:1      | 1039 ||| READING scroll labelled EBAVOA GO VOJ.
  1040 | D:1      | 1040 ||| DRINKING 2 inky potions.
  1176 | D:2      | Reached XP level 4. HP: 20/28 MP: 4/4
  1459 | D:2      | Reached skill level 4 in Axes
  1552 | D:2      | 1552 ||| Stepping ~*~*~tactically~*~*~ (stealth).
  1560 | D:2      | 1560 ||| Stepping ~*~*~tactically~*~*~ (hiding).
  2100 | D:2      | 2100 ||| UPGRADING to +0 chain mail.
  2110 | D:2      | 2110 ||| DROPPING +0 scale mail.
  2111 | D:2      | 2111 ||| READING scroll labelled KUNERGH BIXZAET.
  2112 | D:2      | 2112 ||| READING scroll labelled BEACAT MOCAUSI.
  2113 | D:2      | 2113 ||| READING scroll labelled NALIUZ GOYXOG.
  2114 | D:2      | 2114 ||| READING scroll labelled WAISACARHI.
  2163 | D:3      | Reached XP level 5. HP: 32/32 MP: 5/5
  2269 | D:3      | 2269 ||| Stepping ~*~*~tactically~*~*~ (stealth).
  2307 | D:3      | 2307 ||| Stepping ~*~*~tactically~*~*~ (stealth).
  2322 | D:3      | Found a shadowy altar of Dithmenos.
  2362 | D:3      | Found a glowing golden altar of the Shining One.
  2420 | D:3      | Reached skill level 5 in Axes
  2680 | D:3      | 2680 ||| UPGRADING to amulet of the acrobat.
  2685 | D:3      | 2685 ||| READING scroll labelled KISCHI RARPHI.
  2686 | D:3      | 2686 ||| READING scroll labelled ICOOVE BELAKO.
  2699 | D:4      | 2699 ||| STAIRDANCE
  2733 | D:4      | 2733 ||| READING 3 scrolls of enchant weapon.
  2733 | D:4      | 2733 ||| ENCHANTING +1 war axe.
  2734 | D:4      | 2734 ||| READING 2 scrolls of enchant weapon.
  2734 | D:4      | 2734 ||| ENCHANTING +2 war axe.
  2735 | D:4      | 2735 ||| READING scroll of enchant weapon.
  2735 | D:4      | 2735 ||| ENCHANTING +3 war axe.
  2771 | D:4      | Reached XP level 6. HP: 37/39 MP: 6/6
  2836 | D:4      | Found a transporter.
  2837 | D:4      | Noticed qw's ghost (amateur MiBe)
  2842 | D:4      | Found a transporter.
  2850 | D:4      | 2850 ||| Stepping ~*~*~tactically~*~*~ (hiding).
  2851 | D:4      | 2851 ||| Stepping ~*~*~tactically~*~*~ (hiding).
  2852 | D:4      | 2852 ||| Stepping ~*~*~tactically~*~*~ (hiding).
  2864 | D:4      | 2864 ||| Stepping ~*~*~tactically~*~*~ (stealth).
  2866 | D:4      | 2866 ||| FLEEEEING.
  2867 | D:4      | 2867 ||| Stepping ~*~*~tactically~*~*~ (hiding).
  2868 | D:4      | 2868 ||| Stepping ~*~*~tactically~*~*~ (hiding).
  2869 | D:4      | 2869 ||| FLEEEEING.
  2870 | D:4      | 2870 ||| FLEEEEING.
  2871 | D:4      | 2871 ||| FLEEEEING.
  2872 | D:4      | 2872 ||| FLEEEEING.
  2873 | D:4      | 2873 ||| FLEEEEING.
  2875 | D:4      | 2875 ||| FLEEEEING.
  2876 | D:4      | 2876 ||| FLEEEEING.
  2877 | D:4      | 2877 ||| FLEEEEING.
  2882 | D:4      | 2882 ||| FLEEEEING.
  2883 | D:4      | 2883 ||| FLEEEEING.
  2888 | D:4      | 2888 ||| FLEEEEING.
  2889 | D:4      | 2889 ||| FLEEEEING.
  2890 | D:4      | 2890 ||| FLEEEEING.
  2891 | D:4      | 2891 ||| FLEEEEING.
  2892 | D:4      | 2892 ||| FLEEEEING.
  2893 | D:4      | 2893 ||| FLEEEEING.
  2894 | D:4      | 2894 ||| FLEEEEING.
  2895 | D:4      | 2895 ||| FLEEEEING.
  2896 | D:4      | 2896 ||| FLEEEEING.
  2897 | D:4      | 2897 ||| FLEEEEING.
  2898 | D:4      | 2898 ||| FLEEEEING.
  2899 | D:4      | 2899 ||| FLEEEEING.
  2900 | D:4      | 2900 ||| FLEEEEING.
  2901 | D:4      | 2901 ||| FLEEEEING.
  2913 | D:4      | 2913 ||| FLEEEEING.
  2915 | D:4      | 2915 ||| FLEEEEING.
  2916 | D:4      | 2916 ||| FLEEEEING.
  2917 | D:4      | 2917 ||| FLEEEEING.
  2918 | D:4      | 2918 ||| FLEEEEING.
  2919 | D:4      | 2919 ||| FLEEEEING.
  2926 | D:4      | 2926 ||| FLEEEEING.
  2927 | D:4      | 2927 ||| FLEEEEING.
  2928 | D:4      | 2928 ||| FLEEEEING.
  2935 | D:4      | 2935 ||| Stepping ~*~*~tactically~*~*~ (hiding).
  2954 | D:4      | 2954 ||| DROPPING +0 whip.
  2992 | D:4      | HP: 4/39 [gnoll/+0 halberd[a gnoll bouda] (6)]
  2992 | D:4      | Slain by a gnoll

Levels and vault maps discovered:
D:1:      dpeg_arrival_brainrot, layout_basic,
          ebering_ecumenical_altar_petrified
D:2:      cheibrodos_old_hovel, layout_loops_ring, grunt_ministairs_9,
          chequers_serial_rivers_room_b, kennysheep_generic_room_13
D:3:      layout_rooms, grunt_dithmenos_smoke_and_mirrors,
          nicolae_tso_swordbearing_angel
D:4:      layout_rooms, gammafunk_ghost_smash

Skill      XL: |  1  2  3  4  5 |
---------------+----------------+-----
Axes           | 2 3 4 5 |  5.7
Fighting       | 4 |  4.4
Armour         | |  3.2
Shields        | |  3.2

Action                   |  1- 3 |  4- 6 || total
-------------------------+-------+-------++-------
Melee: War axe           |   120 |   137 ||   257
Throw: Boomerang         |       |     1 ||     1
  Use: Scroll            |     5 |     9 ||    14
       Potion            |     1 |       ||     1
Armor: Scale mail        |    59 |    40 ||    99
       Chain mail        |       |    49 ||    49
Dodge: Dodged            |    57 |    58 ||   115
       Repelled          |       |     1 ||     1
Block: Buckler           |    25 |    27 ||    52

Table legend:
 A = Non-vault XP
 B = Vault XP
 C = Vault XP percentage of total XP
 D = Non-vault monster count
 E = Vault monster count
 F = Vault count percentage of total count
                 A         B        C        D         E       F
            +---------+---------+-------+---------+---------+-------
      Total |     481 |      24 |   4.8 |      85 |       6 |   6.6
            +---------+---------+-------+---------+---------+-------
        D:1 |      58 |       2 |   3.3 |      31 |       1 |   3.1
        D:2 |      80 |      22 |  21.6 |      25 |       5 |  16.7
        D:3 |     101 |       0 |   0.0 |      15 |       0 |   0.0
        D:4 |     242 |       0 |   0.0 |      14 |       0 |   0.0
            +---------+---------+-------+---------+---------+-------
